 Dungeon Crawl Stone Soup version 0.31-a0-369-g8eba5f6939 (webtiles) character file.

Game seed: 8527853433820116446

6 EonArisen the Stinger (level 1, -6/15 HPs)
             Began as a Naga Venom Mage on July 28, 2023.
             Mangled by a worm (8 damage)
             ... on level 2 of the Dungeon.
             The game lasted 00:04:28 (547 turns).

EonArisen the Stinger (Naga Venom Mage)              Turns: 547, Time: 00:04:29

Health: -6/15      AC:  1    Str: 10    XL:     1   Next: 90%
Magic:  0/3        EV: 10    Int: 15    God:
Gold:   42         SH:  0    Dex: 11    Spells: 3/4 levels left

rFire   . . .        h - +0 mace
rCold   . . .        (no shield)
rNeg    . . .        a - +0 robe
rPois   +            (no helmet)
rElec   .            (no cloak)
rCorr   .            (no gloves)
SInv    +            (no barding)
Will    .....        j - amulet of guardian spirit
Stlth   ++           (no ring)
HPRegen 0.22/turn    (no ring)
MPRegen 0.08/turn

%: guardian spirit
@: very slow
A: AC +0, large, see invisible, deformed body, poison resistance, slowness 2,
spit poison 1, naga tail 1
a: Spit Poison


You were on level 2 of the Dungeon.
You visited 1 branch of the dungeon, and saw 2 of its levels.

You collected 42 gold pieces.

Inventory:

Hand Weapons
 c - a +0 sling
 e - a +0 whip
 h - a +0 mace (weapon)
Missiles
 f - 6 boomerangs
 i - 13 stones
Armour
 a - a +0 robe (worn)
 d - a +0 leather armour
Jewellery
 j - an amulet of guardian spirit (around neck)
Potions
 b - a potion of magic
 g - a potion of enlightenment


   Skills:
 + Level 1.8 Dodging
 + Level 3.0 Stealth
 + Level 0.2 Unarmed Combat
 + Level 2.0 Spellcasting
 + Level 1.0 Transmutations
 + Level 4.2 Poison Magic


You had 3 spell levels left.
You knew the following spells:

 Your Spells              Type           Power      Damage    Failure   Level
a - Sting                 Tmut/Pois      36%        1d4       8%          1

Your spell library contained the following spells:

 Spells                   Type           Power      Damage    Failure   Level
 Poisonous Vapours        Pois/Air       14%        N/A       14%         2
 Mephitic Cloud           Conj/Pois/Air  5%         N/A       36%         3
 Olgreb's Toxic Radiance  Pois           14%        N/A       36%         4


Dungeon Overview and Level Annotations

Branches:
Dungeon (2/15)

Altars:


Innate Abilities, Weirdness & Mutations

Your serpentine skin is tough. (AC +0)
You have supernaturally acute eyesight. (SInv)
Armour fits poorly on your strangely shaped body.
Your system is resistant to poisons. (rPois)
You cover ground very slowly.
You can spit poison.
You have a snake-like lower body.


Message History

The quokka closely misses you.
You barely miss the quokka. The quokka barely misses you. The quokka bites you.
You sock the quokka!
You kill the quokka!
You see here a quokka corpse.
You start resting.
Magic restored.
You start resting.
HP restored.
Found 7 stones.
Found 7 stones.
i - 13 stones (gained 7)
A worm and a hobgoblin come into view.
Found a stone staircase leading up.
You see here 7 stones.
An endoplasm comes into view.
Found an escape hatch in the floor.
The worm bites you.
You hit the worm.
The worm is moderately wounded.
The worm bites you.
You barely miss the worm.
The worm is moderately wounded.
The worm bites you.
* * * LOW HITPOINT WARNING * * *
You hit the worm.
The worm is heavily wounded.
The endoplasm quivers.
You barely miss the worm.
The worm is heavily wounded.
The worm barely misses you.
You hit the worm.
The worm is severely wounded.
The worm bites you.
* * * LOW HITPOINT WARNING * * *
You barely miss the worm.
The worm is severely wounded.
The worm bites you!
Ouch! That really hurt!
You die...

#.# #.# #.# #.# #.#
#.######### . ####.#
#.........# ..
..#.#############.# ...#
#.#..> ..........)#
.....#.#.#######....##.#
.............#...##...†#
...###J.@............#.#
.......#w###...#.###.#>#
...###.#(............#.#
# #.#.###.#########.#
....# #... ..# #....
##### ### ......
....<... #........


You could see a worm and an endoplasm.

Vanquished Creatures
  An endoplasm (D:1)
  A hobgoblin (D:1)
  A quokka (D:2)
  A bat (D:1)
  A frilled lizard (D:1)
  A rat (D:1)
6 creatures vanquished.

Notes
Turn   | Place    | Note
-------+----------+-------------------------------------------
     0 | D:1      | EonArisen the Naga Venom Mage began the quest for the Orb.
     0 | D:1      | Reached XP level 1. HP: 15/15 MP: 3/3
   547 | D:2      | Mangled by a worm

Illustrated notes

Levels and vault maps discovered:
D:1:      nicolae_arrival_somewhat_less_tricky_arrival, layout_loops_ring,
          serial_shops, nicolae_shop_waterfront, minmay_indecisive_spiral
D:2:      minmay_chambers_of_ones, layout_basic

Action                     || total
---------------------------++-------
  Melee: Mace              ||    20
         Unarmed           ||     4
    Use: Scroll            ||     1
 Armour: Robe              ||     2
  Dodge: Dodged            ||    11

Table legend: (Time is in decaauts)
 A = Elapsed time spent in this place.
 B = Non-inter-level travel time spent in this place.
 C = Inter-level travel time spent in this place.
 D = Time resting spent in this place.
 E = Time spent auto-exploring this place.
 F = Levels seen in this place.
 G = Mean time per level.
                   A        B        C        D        E       F      G
               +--------+--------+--------+--------+--------+-----+--------+
         Total |    680 |    653 |     27 |    168 |      0 |   2 |  340.0 |
       Dungeon |    680 |    653 |     27 |    168 |      0 |   2 |  340.0 |
               +--------+--------+--------+--------+--------+-----+--------+

Top non-repeatable levels by time:
     D:1: 564 daAuts
     D:2: 116 daAuts
